 Dungeon Crawl Stone Soup version 0.22-a0-407-gb098539 (webtiles) character file.

13 dstrtnsr the Skirmisher (level 2, -3/27 HPs)
             Began as a Hill Orc Fighter on May 10, 2018.
             Slain by a scorpion (8 damage)
             ... on level 2 of the Dungeon.
             The game lasted 00:00:21 (344 turns).

dstrtnsr the Skirmisher (Hill Orc Fighter)           Turns: 344, Time: 00:00:22

Health: -3/27      AC:  6    Str: 18    XL:     2   Next: 37%
Magic:  2/2        EV: 11    Int:  8    God:
Gold:   56         SH:  9    Dex: 10    Spells: 1/1 levels left

rFire    . . .     SeeInvis .   a - +0 war axe
rCold    . . .     Gourm    .   c - +0 shield
rNeg     . . .     Faith    .   b - +0 scale mail
rPois    .         Spirit   .   (no helmet)
rElec    .         Reflect  .   (no cloak)
rCorr    .         Harm     .   (no gloves)
MR       .....                  (no boots)
Stlth    ..........             (no amulet)
HPRegen  0.09/turn              f - +4 ring of evasion
MPRegen  0.08/turn              (no ring)

@: no status effects
A: no striking features
a: no special abilities


You were on level 2 of the Dungeon.
You were not hungry.

You visited 1 branch of the dungeon, and saw 2 of its levels.

You collected 56 gold pieces.

Inventory:

Hand Weapons
 a - a +0 war axe (weapon)
Armour
 b - a +0 scale mail (worn)
 c - a +0 shield (worn)
Jewellery
 f - a +4 ring of evasion (left hand)
Scrolls
 g - a scroll of enchant weapon {unknown}
 h - a scroll of identify {unknown}
 i - a scroll of fog {unknown}
 l - a scroll of remove curse {unknown}
 m - a scroll of teleportation {unknown}
Potions
 d - 2 potions of might
 k - a potion of cancellation {unknown}
Comestibles
 e - 2 rations {!d}
 j - 7 chunks of flesh


   Skills:
 + Level 3.9 Fighting
 * Level 3.4 Axes
 - Level 3.2 Armour
 + Level 3.5 Shields


You had one spell level left.
You didn't know any spells.

Dungeon Overview and Level Annotations

Branches:
Dungeon (2/15)

Altars:


Message History

You barely miss the bat. The bat closely misses you.
You block the bat's attack. The bat misses you.
You slash the bat!
You kill the bat!
No target in view!
No target in view!
No target in view!
No target in view!
No target in view!
You butcher the bat corpse.
j - 5 chunks of flesh (gained 1)
You butcher the dart slug corpse.
j - 7 chunks of flesh (gained 2)
A kobold comes into view. It is wielding a whip.
The kobold shouts!
The kobold throws a stone.
The stone hits you but does no damage.
Found 3 gold pieces.
A bat comes into view.
You see here a stone.
There are monsters nearby!
There are monsters nearby!
There are monsters nearby!
There are monsters nearby!
There are monsters nearby!
You block the bat's attack.
The kobold throws a stone.
You block the stone.
You see here a stone.
You block the bat's attack.
Found 5 javelins.
Your shield and scale mail prevent you from hitting the kobold.
The bat hits you but does no damage. The kobold barely misses you.
You hit the bat.
You kill the bat!
You barely miss the kobold. The kobold misses you.
You block the kobold's attack.
You hit the kobold.
You kill the kobold!
No target in view!
No target in view!
No target in view!
No target in view!
No target in view!
No target in view!
No target in view!
No target in view!
No target in view!
No target in view!
No target in view!
No target in view!
No target in view!
No target in view!
No target in view!
No target in view!
No target in view!
No target in view!
No target in view!
Things that are here:
a whip; a kobold corpse You now have 56 gold pieces (gained 3).
There is a stone staircase leading down here.
You climb downwards.
There is a stone staircase leading up here.
Unknown command.
A scorpion comes into view.
A scorpion is nearby!
A scorpion is nearby!
Sorry, you're not good enough to have a special ability.
Sorry, you're not good enough to have a special ability.
You block the scorpion's attack.
You hit the scorpion.
The scorpion is moderately wounded.
The scorpion stings you!
You closely miss the scorpion.
The scorpion is moderately wounded.
The scorpion stings you but does no damage. x2
The scorpion stings you but does no damage.
You closely miss the scorpion.
The scorpion is moderately wounded.
The scorpion barely misses you.
You closely miss the scorpion.
The scorpion is moderately wounded.
The scorpion stings you but does no damage.
The scorpion stings you.
You barely miss the scorpion.
The scorpion is moderately wounded.
The scorpion stings you!
You hit the scorpion but do no damage.
The scorpion is moderately wounded.
You block the scorpion's attack. The scorpion stings you.
You are too injured to fight recklessly!
Your shield and scale mail prevent you from hitting the scorpion.
The scorpion is moderately wounded.
The scorpion barely misses you.
You hit the scorpion but do no damage.
The scorpion is moderately wounded.
The scorpion stings you.
* * * LOW HITPOINT WARNING * * *
You closely miss the scorpion.
The scorpion is moderately wounded.
You block the scorpion's attack. The scorpion stings you!
You die...

### #.. #..
# #.# #.
#.#
#.##.###.#
#........#
#.s@# #.#.#
#
#.#######..
#..........
###.#####.
#<# #.# #.#
#.#


You could see a scorpion.

Vanquished Creatures
  2 dart slugs (D:1)
  A giant cockroach (D:1)
  2 kobolds (D:1)
  3 bats (D:1)
  A rat (D:1)
9 creatures vanquished.

Notes
Turn   | Place    | Note
-------+----------+-------------------------------------------
     0 | D:1      | dstrtnsr the Hill Orc Fighter began the quest for the Orb.
     0 | D:1      | Reached XP level 1. HP: 19/19 MP: 1/1
   209 | D:1      | Reached XP level 2. HP: 26/27 MP: 2/2
   331 | D:2      | Noticed a scorpion
   341 | D:2      | HP: 9/27 [scorpion (2)]
   344 | D:2      | Slain by a scorpion

Vault maps used:
D:1:      minmay_arrival_stone_box, patterned_corridor
D:2:      minmay_tetromino_s4

Skill      XL: |  1 |
---------------+----+-----
Axes           | 3 |  3.4
Fighting       | |  3.9
Armour         | |  3.2
Shields        | |  3.5

Action                   || total
-------------------------++-------
Melee: War axe           ||    32
Armor: Scale mail        ||    12
Dodge: Dodged            ||    14
Block: Shield            ||    19

Table legend:
 A = Spawn XP
 B = Non-spawn XP
 C = Spawn XP percentage of total XP
 D = Spawn monster count
 E = Non-spawn monster count
 F = Spawn count percentage of total count
 G = Total turns spent on level
                    A         B        C        D         E        F      G
               +---------+---------+-------+---------+---------+-------+---------
         Total |       0 |      19 |   0.0 |       0 |       9 |   0.0 |   344
               +---------+---------+-------+---------+---------+-------+---------
           D:1 |       0 |      19 |   0.0 |       0 |       9 |   0.0 |   330
               +---------+---------+-------+---------+---------+-------+---------
